 Dungeon Crawl Stone Soup version 0.30-a0-800-g7c544603b3 (webtiles) character file.

Game seed: 9985712160060476612

11176 testman the Protected (level 11, 0/84 HPs)
             Began as a Gnoll Wanderer on Feb 21, 2023.
             Was a High Priest of Okawaru.
             Slain by a troll simulacrum (12 damage)
             ... in an ice cave.
             The game lasted 00:32:04 (9330 turns).

testman the Protected (Gnoll Wanderer)              Turns: 9330, Time: 00:32:05

Health: 0/84       AC: 20    Str: 17    XL:     11   Next: 73%
Magic:  28/31      EV: 13    Int: 14    God:    Okawaru [*****.]
Gold:   680        SH:  0    Dex: 12    Spells: 13/24 levels left

rFire   . . .      SeeInvis .    H - +2 lajatang (spect)
rCold   . . .      Faith    .    (shield currently unavailable)
rNeg    + . .      Spirit   .    K - +2 ring mail {rN+}
rPois   +          Reflect  .    C - +0 helmet
rElec   .          Harm     .    d - scarf {shadows}
rCorr   +          Rampage  .    J - +0 pair of gloves {Str+3}
Will    .....                    D - +0 pair of boots
Stlth   +++                      z - amulet of magic regeneration
HPRegen 0.34/turn                m - +4 ring of protection
MPRegen 0.62/turn                V - ring of Rienifab {rPois rCorr MP+9 Int-2 Dex+3}

@: ice-armoured, very slightly contaminated
A: fangs 1, strong nose, distributed training
a: Renounce Religion, Heroism, Finesse, Duel


You were in an ice cave.
You worshipped Okawaru.
Okawaru was extremely pleased with you.
You visited 1 branch of the dungeon, and saw 11 of its levels.
You also visited: Sewer and Ice Cave.

You collected 680 gold pieces.

Inventory:

Hand Weapons
 l - a +0 sling
 p - a +0 flail
 H - a +2 spectral lajatang (weapon)
 U - the +7 arbalest "Dutz" {penet, rPois rF+ Int+3 Stlth+}
   (Okawaru gifted it to you on level 10 of the Dungeon)

   Int:       It affects your intelligence (+3).
   rF:        It protects you from fire.
   rPois:     It protects you from poison.
   Stlth:     It makes you more stealthy.
Missiles
 o - 44 poisoned darts
 y - 19 boomerangs
 L - 2 atropa-tipped darts
 M - 6 javelins
Armour
 b - a +0 ring mail
 d - a scarf of shadows (worn)
 C - a +0 helmet (worn)
 D - a +0 pair of boots (worn)
 E - an orb of light
 J - a +0 pair of gloves of strength (worn)
 K - a +2 ring mail of positive energy (worn)
Jewellery
 m - a +4 ring of protection (left hand)
 n - a ring of resist corrosion
 x - a ring of wizardry
 z - an amulet of magic regeneration (around neck)
 B - a ring of poison resistance
 P - an amulet of the acrobat
 R - a ring of see invisible
 V - the ring of Rienifab (right hand) {rPois rCorr MP+9 Int-2 Dex+3}
   (You found it on level 10 of the Dungeon)

   [ring of magical power]

   Int:       It affects your intelligence (-2).
   Dex:       It affects your dexterity (+3).
   rPois:     It protects you from poison.
   MP:        It affects your magic capacity (+9).
   rCorr:     It protects you from acid and corrosion.
Wands
 j - a wand of light (6)
 v - a wand of paralysis (23)
 w - a wand of flame (32)
 O - a wand of roots (6)
Scrolls
 a - a scroll of brand weapon {unknown}
 f - 5 scrolls of enchant weapon
 h - 2 scrolls of blinking
 k - 3 scrolls of magic mapping
 q - 6 scrolls of teleportation
 s - 2 scrolls of amnesia
 t - a scroll of fear
 I - 2 scrolls of butterflies {unknown}
 N - a scroll of fog
 Q - a scroll of torment {unknown}
 S - a scroll of silence {unknown}
 T - a scroll of noise {unknown}
 X - a scroll of poison
Potions
 c - 2 potions of lignification
 e - a potion of cancellation
 g - 10 potions of curing
 i - 4 potions of flight
 r - 3 potions of haste
 u - a potion of heal wounds
 A - 2 potions of mutation
 F - 3 potions of invisibility
 G - a potion of resistance {unknown}
 W - 2 potions of brilliance {unknown}


   Skills:
 + Level 7.3 Fighting
 + Level 6.8 Short Blades
 + Level 6.8 Long Blades
 + Level 6.8 Axes
 + Level 8.3 Maces & Flails
 + Level 6.8 Polearms
 + Level 6.8 Staves
 + Level 6.8 Ranged Weapons
 + Level 6.8 Throwing
 + Level 8.3 Armour
 + Level 7.3 Dodging
 + Level 6.8 Stealth
 + Level 6.8 Shields
 + Level 6.8 Unarmed Combat
 + Level 7.4 Spellcasting
 + Level 5.6 Conjurations
 + Level 5.6 Hexes
 + Level 5.6 Summonings
 + Level 5.6 Necromancy
 + Level 5.6 Translocations
 + Level 5.6 Transmutations
 + Level 5.6 Fire Magic
 + Level 5.6 Ice Magic
 + Level 5.6 Air Magic
 + Level 8.0 Earth Magic
 + Level 5.6 Poison Magic
 + Level 7.5 Invocations
 + Level 6.8 Evocations


You had 13 spell levels left.
You knew the following spells:

 Your Spells              Type           Power      Damage    Failure   Level
a - Sandblast             Erth           54%        2d13      1%          1
b - Stone Arrow           Conj/Erth      48%        3d10      4%          3
c - Ozocubu's Armour      Ice            21%        N/A       7%          3
d - Manifold Assault      Tloc           21%        N/A       22%         4

Your spell library contained the following spells:

 Spells                   Type           Power      Damage    Failure   Level
 Leda's Liquefaction      Hex/Erth       12%        N/A       14%         4
 Passage of Golubria      Tloc           21%        N/A       22%         4
 Borgnjor's Vile Clutch   Necr/Erth      12%        N/A       36%         5
 Yara's Violent Unravell  Hex/Tmut       10%        3d6       52%         5
 Dispersal                Tloc           10%        N/A       98%         6
 Ozocubu's Refrigeration  Ice            10%        4d9       100%        7
 Disjunction              Tloc           10%        N/A       100%        8
 Tukima's Dance           Hex            Unusable   N/A       N/A         3
 Animate Dead             Necr           Unusable   N/A       N/A         4
 Death Channel            Necr           Unusable   N/A       N/A         6

Dungeon Overview and Level Annotations

Branches:
Dungeon (11/15)            Temple (0/1) D:4            Lair (0/5) D:8
  Sewer (visited)           IceCv (1/1)
    Orc: D:9-12

Altars:
Dithmenos
Fedhas
Nemelex Xobeh
Okawaru
Ru
Sif Muna
Wu Jian

Shops:
D:1 [


Innate Abilities, Weirdness & Mutations

You have very sharp teeth.
Your uncanny sense of smell can sniff out nearby items.
Your experience applies equally to all skills.


Message History

The wolf simulacrum bites you. The wolf simulacrum freezes you!
The wolf simulacrum bites you but does no damage.
The wolf simulacrum barely misses you.
You hit the wolf simulacrum but do no damage.
The wolf simulacrum bites you but does no damage.
You completely miss the wolf simulacrum.
The wolf simulacrum closely misses you. x2
You slash the wolf simulacrum!
The wolf simulacrum is heavily damaged.
The wolf simulacrum bites you but does no damage. x2
The wolf simulacrum attacks as you move away!
The wolf simulacrum bites you. The wolf simulacrum freezes you!
You slice the wolf simulacrum!!
The wolf simulacrum vaporises!
Okawaru accepts your kill.
You slash the elephant simulacrum!
The elephant simulacrum vaporises!
Okawaru accepts your kill.
Casting: Stone Arrow (mildly dangerous; 4% risk of failure)
Confirm with . or Enter, or press ? or * to list all spells.
You miscast Ozocubu's Armour.
You are very lightly contaminated with residual magic.
Nothing appears to happen.
Casting: Ozocubu's Armour (dangerous; 7% risk of failure)
Confirm with . or Enter, or press ? or * to list all spells.
A film of ice covers your body!
You barely miss the troll simulacrum.
Your +2 spectral lajatang hits the troll simulacrum!!
The troll simulacrum closely misses you.
The troll simulacrum claws you but does no damage.
The troll simulacrum claws you! The troll simulacrum freezes you!!
* * * LOW HITPOINT WARNING * * *
You feel much better. The troll simulacrum bites you.
* * * LOW HITPOINT WARNING * * *
The troll simulacrum freezes you!
* * * LOW HITPOINT WARNING * * *
The troll simulacrum claws you.
* * * LOW HITPOINT WARNING * * *
The troll simulacrum freezes you!
You die...

.## ∆∆ #######...##...###
##.## #.##
∆∆#..#...##...##...#####.#.#
.#.####
#..##########.....###.##
###...#####..# ##..⌠..#.##
..○.#...#..### ##.....##
.######..### ##...##.# ####
####...###≈≈≈ #######....###
≈≈≈## ####..Z@#...### ≈#≈≈
#...##§...### ## ##≈
#..######### .≈ ##.. ∆ ∆
##.. #.. ##. #.


You could see a troll simulacrum.

Vanquished Creatures
  A two-headed ogre (D:7)
  3 death yaks (D:8)
  An ugly thing (D:10)
  A gargoyle (D:10)
  A kobold demonologist (D:7)
  An unseen horror (D:10)
  2 rime drakes (D:11)
  A freezing wraith (IceCv)
  Grinder (D:3)
  3 trolls
  Prince Ribbit (D:6)
  Sigmund (D:6)
  A centaur simulacrum (D:11)
  A wyvern (D:11)
  Eustachio (D:4)
  2 steam dragons
  Menkaure (D:4)
  4 water moccasins
  A meliai simulacrum (D:11)
  2 orc warriors
  5 black bears
  2 ice beasts
  7 centaurs
  A phantom (D:6)
  4 kobold brigands
  2 bullfrogs
  3 scorpions
  A necrophage (D:5)
  3 two-headed ogre simulacra (IceCv)
  18 wights
  4 killer bees (D:9)
  An elephant simulacrum (IceCv)
  A howler monkey (D:5)
  3 orc priests
  4 hounds
  An iguana (D:6)
  3 hell rats (D:8)
  5 orc wizards
  3 spriggan simulacra (IceCv)
  A polar bear simulacrum (IceCv)
  6 troll simulacra (IceCv)
  3 wolf simulacra (IceCv)
  5 adders
  A river rat (D:8)
  2 naga simulacra (IceCv)
  3 white imps (IceCv)
  2 ufetubi
  2 worms
  3 dart slugs
  14 orcs
  8 bats
  3 endoplasms
  2 giant cockroaches (D:1)
  7 goblins
  6 hobgoblins
  4 jackals
  5 quokkas
  7 ball pythons
  2 frilled lizards (D:1)
  30 kobolds
  3 rats
220 creatures vanquished.

Vanquished Creatures (others)
  An ufetubus (D:11)
1 creature vanquished.

Grand Total: 221 creatures vanquished

Notes
Turn   | Place    | Note
-------+----------+-------------------------------------------
     0 | D:1      | testman the Gnoll Wanderer began the quest for the Orb.
     0 | D:1      | testman set off with the following items: a +0 mace, a +0
                  | ring mail, a potion of lignification; and the following
                  | spell memorised: Sandblast; and the following spells
                  | available to memorise: Stone Arrow, Leda's Liquefaction.
     0 | D:1      | Reached XP level 1. HP: 17/17 MP: 4/4
   139 | D:1      | Reached XP level 2. HP: 20/23 MP: 5/5
   318 | D:1      | Found Igotuemu's Armour Shoppe.
   632 | D:1      | Reached XP level 3. HP: 27/28 MP: 7/7
   636 | D:1      | Learned a level 3 spell: Stone Arrow
   953 | D:2      | Reached skill level 1 in Invocations
  1069 | D:2      | Identified the +1 chain mail of Limitation {Str-3 Int+3
                  | Dex+3 Stlth+}
  1123 | D:2      | Reached skill level 1 in Short Blades
  1123 | D:2      | Reached skill level 1 in Long Blades
  1123 | D:2      | Reached skill level 1 in Axes
  1123 | D:2      | Reached skill level 1 in Polearms
  1123 | D:2      | Reached skill level 1 in Staves
  1123 | D:2      | Reached skill level 1 in Ranged Weapons
  1123 | D:2      | Reached skill level 1 in Throwing
  1123 | D:2      | Reached skill level 1 in Stealth
  1123 | D:2      | Reached skill level 1 in Shields
  1123 | D:2      | Reached skill level 1 in Unarmed Combat
  1123 | D:2      | Reached skill level 1 in Evocations
  1389 | D:2      | Reached XP level 4. HP: 28/34 MP: 8/8
  1568 | D:3      | Noticed Grinder
  1577 | D:3      | Killed Grinder
  1578 | D:3      | Reached skill level 5 in Maces & Flails
  1578 | D:3      | Reached skill level 5 in Armour
  1578 | D:3      | Reached skill level 1 in Conjurations
  1578 | D:3      | Reached skill level 1 in Hexes
  1578 | D:3      | Reached skill level 1 in Summonings
  1578 | D:3      | Reached skill level 1 in Necromancy
  1578 | D:3      | Reached skill level 1 in Translocations
  1578 | D:3      | Reached skill level 1 in Transmutations
  1578 | D:3      | Reached skill level 1 in Fire Magic
  1578 | D:3      | Reached skill level 1 in Ice Magic
  1578 | D:3      | Reached skill level 1 in Air Magic
  1578 | D:3      | Reached skill level 1 in Poison Magic
  1578 | D:3      | Reached XP level 5. HP: 18/41 MP: 1/10
  1578 | D:3      | Reached XP level 6. HP: 21/47 MP: 1/11
  1989 | D:3      | Found an iron altar of Okawaru.
  2000 | D:3      | Became a worshipper of Warmaster Okawaru
  2356 | D:4      | Noticed Eustachio
  2356 | D:4      | Found a shimmering blue altar of Sif Muna.
  2377 | D:4      | Killed Eustachio
  2378 | D:4      | Reached XP level 7. HP: 35/52 MP: 7/12
  2442 | D:4      | Found a blossoming altar of Fedhas.
  2457 | D:4      | Reached * piety under Okawaru
  2471 | D:4      | Found a staircase to the Ecumenical Temple.
  2791 | D:4      | Noticed Menkaure
  2795 | D:4      | Killed Menkaure
  3423 | D:5      | Entered Level 5 of the Dungeon
  3576 | D:5      | Reached XP level 8. HP: 55/60 MP: 14/14
  3823 | D:5      | Found a glowing drain.
  3832 | Sewer    | Entered a sewer
  3911 | Sewer    | Reached ** piety under Okawaru
  4566 | D:6      | Noticed a troll
  4578 | D:6      | Killed a troll
  4771 | D:6      | Noticed Sigmund
  4776 | D:6      | Killed Sigmund
  4845 | D:6      | Found a sacrificial altar of Ru.
  4946 | D:6      | Noticed Prince Ribbit
  4957 | D:6      | Killed Prince Ribbit
  4957 | D:6      | Reached *** piety under Okawaru
  4958 | D:6      | Reached skill level 5 in Spellcasting
  4958 | D:6      | Reached XP level 9. HP: 33/67 MP: 16/16
  5253 | D:6      | Reached skill level 5 in Fighting
  5253 | D:6      | Reached skill level 5 in Dodging
  5742 | D:7      | Reached skill level 5 in Invocations
  5806 | D:7      | Learned a level 3 spell: Ozocubu's Armour
  5944 | D:7      | Noticed a two-headed ogre
  5948 | D:7      | Killed a two-headed ogre
  5948 | D:7      | Reached **** piety under Okawaru
  5949 | D:7      | Reached skill level 5 in Short Blades
  5949 | D:7      | Reached skill level 5 in Long Blades
  5949 | D:7      | Reached skill level 5 in Axes
  5949 | D:7      | Reached skill level 5 in Polearms
  5949 | D:7      | Reached skill level 5 in Staves
  5949 | D:7      | Reached skill level 5 in Ranged Weapons
  5949 | D:7      | Reached skill level 5 in Throwing
  5949 | D:7      | Reached skill level 5 in Stealth
  5949 | D:7      | Reached skill level 5 in Shields
  5949 | D:7      | Reached skill level 5 in Unarmed Combat
  5949 | D:7      | Reached skill level 5 in Evocations
  5949 | D:7      | Reached XP level 10. HP: 43/76 MP: 18/18
  6197 | D:7      | Noticed a kobold demonologist
  6203 | D:7      | Killed a kobold demonologist
  6205 | D:7      | Received a gift from Okawaru
  6213 | D:7      | Found an ornate altar of the Wu Jian Council.
  6304 | D:8      | Received a gift from Okawaru
  6322 | D:8      | Found a shadowy altar of Dithmenos.
  6524 | D:8      | Found a sparkling altar of Nemelex Xobeh.
  6537 | D:8      | Noticed a death yak
  6543 | D:8      | Killed a death yak
  6543 | D:8      | Reached ***** piety under Okawaru
  6566 | D:8      | Noticed a death yak
  6570 | D:8      | Noticed a death yak
  6572 | D:8      | Killed a death yak
  6572 | D:8      | Received a gift from Okawaru
  6576 | D:8      | Killed a death yak
  6715 | D:8      | Found a staircase to the Lair.
  6769 | D:8      | Reached skill level 5 in Conjurations
  6769 | D:8      | Reached skill level 5 in Hexes
  6769 | D:8      | Reached skill level 5 in Summonings
  6769 | D:8      | Reached skill level 5 in Necromancy
  6769 | D:8      | Reached skill level 5 in Translocations
  6769 | D:8      | Reached skill level 5 in Transmutations
  6769 | D:8      | Reached skill level 5 in Fire Magic
  6769 | D:8      | Reached skill level 5 in Ice Magic
  6769 | D:8      | Reached skill level 5 in Air Magic
  6769 | D:8      | Reached skill level 5 in Poison Magic
  7228 | D:9      | Reached XP level 11. HP: 75/83 MP: 21/21
  7761 | D:10     | Entered Level 10 of the Dungeon
  7887 | D:10     | Noticed a green ugly thing
  7894 | D:10     | Killed a green ugly thing
  7900 | D:10     | Learned a level 4 spell: Manifold Assault
  8105 | D:10     | Identified the +7 arbalest "Dutz" {penet, rPois rF+ Int+3
                  | Stlth+} (Okawaru gifted it to you on level 10 of the
                  | Dungeon)
  8105 | D:10     | Received a gift from Okawaru
  8599 | D:10     | Identified the ring of Rienifab {rPois rCorr MP+9 Int-2
                  | Dex+3}
  8620 | D:10     | Found Zoqolyon's Book Boutique.
  8833 | D:11     | Found a frozen archway.
  8942 | IceCv    | Entered an ice cave
  9330 | IceCv    | Slain by a troll simulacrum

Illustrated notes

Levels and vault maps discovered:
D:1:      lightli_arrival_chessboard, layout_loops_ring, serial_shops,
          nicolae_shop_behind_doors
D:2:      layout_basic
D:3:      layout_loops_cross, kennysheep_okawaru_gauntlet, uniq_grinder
D:4:      layout_loops_cross, chequers_temple_overflow_statue_of_worship,
          minmay_temple_entry_ruins, minmay_splitting_lines,
          chequers_serial_rivers_room_b, hangedman_abyss_or_decor_stabs,
          st_stairs_3, uniq_menkaure, uniq_eustachio
D:5:      layout_loops_corners, portal_sewer_entry_d
D:6:      layout_basic, nicolae_ru_path_of_blood, uniq_sigmund,
          uniq_prince_ribbit1
D:7:      layout_rooms, nicolae_wu_jian_immortal_techniques
D:8:      layout_loops_ring, grunt_dithmenos_smoke,
          lemuel_coloured_pillars_altar, dpeg_lair_monsters
D:9:      layout_cross
D:10:     layout_roguey, serial_shops, nicolae_shop_advertising_works
          [nicolae_subvault_shop_adworks], interstate_on_off,
          minmay_misc_feat_doors
D:11:     layout_basic, gammafunk_ghost_cemetery, serial_ice, serial_ice_e,
          serial_ice_d, serial_ice_n, serial_ice_g, serial_ice_m,
          portal_ice_cave_rime, minmay_guarded_unrand_staff_of_olgreb
IceCv:    ice_cave_caverns_01

Skill      XL: |  1  2  3  4  5  6  7  8  9 10 11 |
---------------+----------------------------------+-----
Invocations    | 1 2 3 4 5 6 7 |  7.5
Short Blades   | 1 2 3 4 5 6 |  6.8
Long Blades    | 1 2 3 4 5 6 |  6.8
Axes           | 1 2 3 4 5 6 |  6.8
Polearms       | 1 2 3 4 5 6 |  6.8
Staves         | 1 2 3 4 5 6 |  6.8
Ranged Weapons | 1 2 3 4 5 6 |  6.8
Throwing       | 1 2 3 4 5 6 |  6.8
Stealth        | 1 2 3 4 5 6 |  6.8
Shields        | 1 2 3 4 5 6 |  6.8
Unarmed Combat | 1 2 3 4 5 6 |  6.8
Evocations     | 1 2 3 4 5 6 |  6.8
Spellcasting   | 3 4 5 6 7 |  7.4
Fighting       | 3 4 5 6 7 |  7.3
Maces & Flails | 5 6 7 8 |  8.3
Armour         | 5 6 7 8 |  8.3
Dodging        | 3 4 5 6 7 |  7.3
Conjurations   | 1 2 3 4 5 |  5.6
Hexes          | 1 2 3 4 5 |  5.6
Summonings     | 1 2 3 4 5 |  5.6
Necromancy     | 1 2 3 4 5 |  5.6
Translocations | 1 2 3 4 5 |  5.6
Transmutations | 1 2 3 4 5 |  5.6
Fire Magic     | 1 2 3 4 5 |  5.6
Ice Magic      | 1 2 3 4 5 |  5.6
Air Magic      | 1 2 3 4 5 |  5.6
Poison Magic   | 1 2 3 4 5 |  5.6
Earth Magic    | 6 7 8 |  8.0

Action                     |  1- 3 |  4- 6 |  7- 9 | 10-12 || total
---------------------------+-------+-------+-------+-------++-------
  Melee: Mace              |    82 |       |       |       ||    82
         Bite              |     5 |     3 |    17 |    21 ||    46
         Flail             |    21 |    50 |    77 |       ||   148
         Punch             |       |     1 |     1 |       ||     2
         Lajatang          |       |       |    79 |   154 ||   233
   Fire: Arbalest          |       |       |       |    67 ||    67
   Cast: Sandblast         |    15 |    29 |    55 |     5 ||   104
         Stone Arrow       |       |       |     1 |     9 ||    10
         Ozocubu's Armour  |       |       |       |     4 ||     4
    Use: Scroll            |       |       |    18 |     1 ||    19
         Potion            |       |       |       |     4 ||     4
   Stab: Sleeping          |       |       |     3 |     1 ||     4
 Armour: Ring mail         |    68 |    20 |    81 |   143 ||   312
  Dodge: Dodged            |    79 |    42 |   105 |   156 ||   382

Table legend: (Time is in decaauts)
 A = Elapsed time spent in this place.
 B = Non-inter-level travel time spent in this place.
 C = Inter-level travel time spent in this place.
 D = Time resting spent in this place.
 E = Time spent auto-exploring this place.
 F = Levels seen in this place.
 G = Mean time per level.
                   A        B        C        D        E       F      G
               +--------+--------+--------+--------+--------+-----+--------+
         Total |   9501 |   9023 |    478 |    221 |   7242 |  13 |  730.8 |
       Dungeon |   8924 |   8446 |    478 |    221 |   6857 |  11 |  811.3 |
         Sewer |    165 |    165 |      0 |      0 |     95 |   1 |  165.0 |
      Ice Cave |    412 |    412 |      0 |      0 |    289 |   1 |  412.0 |
               +--------+--------+--------+--------+--------+-----+--------+

Top non-repeatable levels by time:
     D:4: 1094 daAuts
    D:10: 1032 daAuts
     D:5: 1004 daAuts
     D:6: 974 daAuts
     D:8: 940 daAuts
     D:1: 872 daAuts
     D:3: 829 daAuts
     D:7: 767 daAuts
     D:2: 695 daAuts
     D:9: 548 daAuts
   IceCv: 412 daAuts
   Sewer: 165 daAuts
    D:11: 164 daAuts
